SL
PHOENIX HOTSPUR @ MISSISSIPPI MOCKINGBIRDS
09/15/2037
 
TOP OF THE 1ST
Phoenix Hotspur batting - Pitching for Mississippi Mockingbirds : RHP Sergio Gómez
Pitching: RHP Sergio Gómez
Batting: RHB Alberto Ramírez 0-0: Swinging Strike
0-1: Swinging Strike
0-2: Ball
1-2: Foul Ball, location: 2F
1-2: SINGLE (Groundball, 56D, EV 96.2 MPH)
Batting: RHB Martín Talia 0-0: Called Strike
0-1: Fly out, F7 (Line Drive, 7S, EV 100.0 MPH)
Batting: RHB Jonas van Claveren 0-0: Ball
1-0: Ball
2-0: Ball
3-0: Base on Balls
Alberto Ramírez to second
Batting: LHB Mario Ramos 0-0: Ball
1-0: Called Strike
1-1: Foul Ball, location: 2F
1-2: Ball
2-2: Strikes out looking
Batting: LHB Tadayoshi Watanabe 0-0: Called Strike
0-1: Foul Ball, location: 2F
0-2: Ball
1-2: Ground out 4-3 (Groundball, 4, EV 87.5 MPH)
Top of the 1st over - 0 runs, 1 hit, 0 errors, 2 left on base; Phoenix 0 - Mississippi 0
BOTTOM OF THE 1ST
Mississippi Mockingbirds batting - Pitching for Phoenix Hotspur : RHP José Quiñones
Pitching: RHP José Quiñones
Batting: RHB Ellis Greenham 0-0: Ball
1-0: Foul Ball, location: 2F
1-1: Ball
2-1: Called Strike
2-2: Ground out 5-3 (Groundball, 5, EV 89.4 MPH)
Batting: LHB Manoo Satyavrat 0-0: Called Strike
0-1: Ball
1-1: Called Strike
1-2: Foul Ball, location: 2F
1-2: Foul Ball, location: 2F
1-2: Ball
2-2: Ball
3-2: Ground out U3 (Groundball, 3S, EV 83.1 MPH)
Batting: LHB Rylen Roersma 0-0: Ball
1-0: Swinging Strike
1-1: SINGLE (Line Drive, 6D, EV 98.1 MPH)
Batting: LHB Javier Sánchez 0-0: Ball
1-0: Called Strike
1-1: Foul Ball, location: 2F
1-2: Foul Ball, location: 2F
1-2: Ball
2-2: Strikes out swinging
Bottom of the 1st over - 0 runs, 1 hit, 0 errors, 1 left on base; Phoenix 0 - Mississippi 0
TOP OF THE 2ND
Phoenix Hotspur batting - Pitching for Mississippi Mockingbirds : RHP Sergio Gómez
Batting: LHB Mare Riseley 0-0: Called Strike
0-1: Ground out U3 (Groundball, 3, EV 88.1 MPH)
Batting: RHB Brit Davis 0-0: Called Strike
0-1: Reached on error, E5 (Groundball, 56S, EV 68.8 MPH)
Batting: RHB Myles Brundidge 0-0: Grounds into double play, 5-4-3 (Groundball, 56, EV 80.6 MPH)
Top of the 2nd over - 0 runs, 0 hits, 1 error, 0 left on base; Phoenix 0 - Mississippi 0
BOTTOM OF THE 2ND
Mississippi Mockingbirds batting - Pitching for Phoenix Hotspur : RHP José Quiñones
Batting: RHB Bobby Butterfield 0-0: Ball
1-0: Ball
2-0: Foul Ball, location: 2F
2-1: Called Strike
2-2: Ground out 1-3 (Groundball, 34S, EV 71.2 MPH)
Batting: LHB Baio Jianbua 0-0: Foul Ball, location: 2F
0-1: Called Strike
0-2: SINGLE (Line Drive, 3L, EV 98.8 MPH)
Batting: RHB José Carlos Pérez 0-0: Called Strike
0-1: Ball
1-1: Grounds into double play, 6-4-3 (Groundball, 6, EV 93.1 MPH)
Bottom of the 2nd over - 0 runs, 1 hit, 0 errors, 0 left on base; Phoenix 0 - Mississippi 0
TOP OF THE 3RD
Phoenix Hotspur batting - Pitching for Mississippi Mockingbirds : RHP Sergio Gómez
Batting: RHB Quan Easterling 0-0: Called Strike
0-1: Swinging Strike
0-2: Ground out 6-3 (Groundball, 6, EV 107.5 MPH)
Batting: RHB Alberto Ramírez 0-0: Ball
1-0: Ball
2-0: Foul Ball, location: 2F
2-1: Ball
3-1: Base on Balls
Batting: RHB Martín Talia 0-0: Fly out, F8 (Flyball, 8LM, EV 83.1 MPH)
Batting: RHB Jonas van Claveren 0-0: Ball
1-0: Called Strike
1-1: Ball
2-1: Ball
3-1: Called Strike
3-2: Foul Ball, location: 2F
3-2: Base on Balls
Alberto Ramírez to second
Batting: LHB Mario Ramos 0-0: Fly out, F3 (Line Drive, 3, EV 64.4 MPH)
Top of the 3rd over - 0 runs, 0 hits, 0 errors, 2 left on base; Phoenix 0 - Mississippi 0
BOTTOM OF THE 3RD
Mississippi Mockingbirds batting - Pitching for Phoenix Hotspur : RHP José Quiñones
Batting: LHB Yin-reng Hsueh 0-0: Called Strike
0-1: Foul Ball, location: 2F
0-2: Foul Ball, location: 2F
0-2: Foul Ball, location: 2F
0-2: Ball
1-2: SINGLE (Groundball, 4MD, EV 99.4 MPH)
Batting: RHB Brian Rowe 0-0: Called Strike
0-1: Foul Ball, location: 2F
0-2: Ball
1-2: Strikes out swinging
Batting: RHB Ellis Greenham 0-0: Ball
1-0: Called Strike
1-1: Ball
2-1: Fielders Choice at 2nd, 4-6 (Groundball, 4M, EV 91.9 MPH)
Batting: LHB Manoo Satyavrat 0-0: Called Strike
0-1: Swinging Strike
0-2: Ball
1-2: Foul Ball, location: 2F
1-2: Ball
2-2: Ball
3-2: Fly out, F8 (Flyball, 89M, EV 86.2 MPH)
Bottom of the 3rd over - 0 runs, 1 hit, 0 errors, 1 left on base; Phoenix 0 - Mississippi 0
TOP OF THE 4TH
Phoenix Hotspur batting - Pitching for Mississippi Mockingbirds : RHP Sergio Gómez
Batting: LHB Tadayoshi Watanabe 0-0: Ball
1-0: Fly out, F4 (Line Drive, 4, EV 71.2 MPH)
Batting: LHB Mare Riseley 0-0: Ball
1-0: Ground out 4-3 (Groundball, 34D, EV 108.8 MPH)
Batting: RHB Brit Davis 0-0: Ball
1-0: Ball
2-0: Foul Ball, location: 2F
2-1: Ground out 5-3 (Groundball, 56, EV 109.4 MPH)
Top of the 4th over - 0 runs, 0 hits, 0 errors, 0 left on base; Phoenix 0 - Mississippi 0
BOTTOM OF THE 4TH
Mississippi Mockingbirds batting - Pitching for Phoenix Hotspur : RHP José Quiñones
Batting: LHB Rylen Roersma 0-0: Called Strike
0-1: Ball
1-1: Called Strike
1-2: Ball
2-2: SINGLE (Groundball, 34D, EV 98.1 MPH)
Batting: LHB Javier Sánchez 0-0: Fly out, F7 (Flyball, 7S, EV 68.1 MPH)
Batting: RHB Bobby Butterfield 0-0: Ball
1-0: Foul Ball, location: 2F
1-1: Swinging Strike
1-2: Strikes out swinging
Batting: LHB Baio Jianbua 0-0: Ball
1-0: Ball
2-0: Called Strike
2-1: Called Strike
2-2: Foul Ball, location: 2F
2-2: Strikes out swinging
Bottom of the 4th over - 0 runs, 1 hit, 0 errors, 1 left on base; Phoenix 0 - Mississippi 0
TOP OF THE 5TH
Phoenix Hotspur batting - Pitching for Mississippi Mockingbirds : RHP Sergio Gómez
Batting: RHB Myles Brundidge 0-0: Called Strike
0-1: Called Strike
0-2: Strikes out looking
Batting: RHB Quan Easterling 0-0: Foul Ball, location: 2F
0-1: Swinging Strike
0-2: Strikes out looking
Batting: RHB Alberto Ramírez 0-0: Called Strike
0-1: Ball
1-1: Ball
2-1: Swinging Strike
2-2: Foul Ball, location: 2F
2-2: Fly out, F8 (Flyball, 8RD, EV 100.6 MPH)
Top of the 5th over - 0 runs, 0 hits, 0 errors, 0 left on base; Phoenix 0 - Mississippi 0
BOTTOM OF THE 5TH
Mississippi Mockingbirds batting - Pitching for Phoenix Hotspur : RHP José Quiñones
Batting: RHB José Carlos Pérez 0-0: Foul Ball, location: 2F
0-1: Fly out, F8 (Flyball, 8LD, EV 104.4 MPH)
Batting: LHB Yin-reng Hsueh 0-0: Swinging Strike
0-1: Foul Ball, location: 2F
0-2: Ball
1-2: Ball
2-2: Ground out 1-3 (Groundball, 13, EV 74.4 MPH)
Batting: RHB Brian Rowe 0-0: Foul Ball, location: 2F
0-1: Ball
1-1: Ball
2-1: Ball
3-1: Foul Ball, location: 2F
3-2: Foul Ball, location: 2F
3-2: Fly out, F4 (Popup, 4MD, EV 48.8 MPH)
Bottom of the 5th over - 0 runs, 0 hits, 0 errors, 0 left on base; Phoenix 0 - Mississippi 0
TOP OF THE 6TH
Phoenix Hotspur batting - Pitching for Mississippi Mockingbirds : RHP Sergio Gómez
Batting: RHB Martín Talia 0-0: SINGLE (Line Drive, 7S, EV 95.6 MPH)
Batting: RHB Jonas van Claveren 0-0: Ball
1-0: Called Strike
1-1: Ball
2-1: Foul Ball, location: 2F
2-2: Foul Ball, location: 2F
2-2: SINGLE (Line Drive, 89S, EV 103.8 MPH)
Martín Talia to second
Batting: LHB Mario Ramos 0-0: Called Strike
0-1: Ball
1-1: Ball
2-1: Ball
3-1: Foul Ball, location: 2F
3-2: 3-RUN HOME RUN (Flyball, 89XD, EV 99.4 MPH), Distance : 398 ft
Batting: LHB Tadayoshi Watanabe 0-0: Ball
1-0: Ball
2-0: Foul Ball, location: 2F
2-1: Foul Ball, location: 2F
2-2: Strikes out looking
Batting: LHB Mare Riseley 0-0: Called Strike
0-1: Ball
1-1: Ball
2-1: Foul Ball, location: 2F
2-2: Fly out, F7 (Flyball, 78S, EV 83.1 MPH)
Batting: RHB Brit Davis 0-0: Ball
1-0: Ball
2-0: Ball
3-0: Base on Balls
Pitching: RHP Andrei-Luiz Frial
Batting: RHB Myles Brundidge Pickoff Throw to First - Out! 1-3
Top of the 6th over - 3 runs, 3 hits, 0 errors, 0 left on base; Phoenix 3 - Mississippi 0
BOTTOM OF THE 6TH
Mississippi Mockingbirds batting - Pitching for Phoenix Hotspur : RHP José Quiñones
Batting: RHB Ellis Greenham 0-0: SINGLE (Line Drive, 34, EV 95.0 MPH)
Batting: LHB Manoo Satyavrat 0-0: Ball
1-0: Ball
2-0: Foul Ball, location: 2F
2-1: Foul Ball, location: 2F
2-2: Ball
3-2: DOUBLE (Line Drive, 8RXD, EV 103.1 MPH)
Ellis Greenham to third
Batting: LHB Rylen Roersma 0-0: Called Strike
0-1: Ground out 6-3 (Groundball, 6M, EV 84.4 MPH)
Ellis Greenham scores
Manoo Satyavrat to third
Batting: LHB Javier Sánchez 0-0: Called Strike
0-1: Ball
1-1: Called Strike
1-2: Ball
2-2: Strikes out swinging
Batting: RHB Bobby Butterfield 0-0: Ball
1-0: Ball
2-0: Ball
3-0: Called Strike
3-1: Called Strike
3-2: SINGLE (Groundball, 6MD, EV 103.1 MPH)
Manoo Satyavrat scores
Pitching: RHP Edgardo Nava
Batting: LHB Baio Jianbua 0-0: Ball
1-0: Ground out U3 (Groundball, 3, EV 100.0 MPH)
Bottom of the 6th over - 2 runs, 3 hits, 0 errors, 1 left on base; Phoenix 3 - Mississippi 2
TOP OF THE 7TH
Phoenix Hotspur batting - Pitching for Mississippi Mockingbirds : RHP Andrei-Luiz Frial
Batting: RHB Myles Brundidge 0-0: Foul Ball, location: 2F
0-1: Reached on error, E4 (Groundball, 4, EV 100.0 MPH)
Batting: RHB Quan Easterling 0-0: Called Strike
0-1: Swinging Strike
0-2: Ball
1-2: Strikes out looking
Batting: RHB Alberto Ramírez 0-0: Ball
Myles Brundidge steals 3rd base
1-0: Ball
2-0: Fly out, F7 (Flyball, 7LM, EV 100.6 MPH)
Runner from 3rd tags up, SCORES, throw by LF
Batting: RHB Martín Talia 0-0: Ball
1-0: Foul Ball, location: 2F
1-1: Swinging Strike
1-2: Ball
2-2: Foul Ball, location: 2F
2-2: Ball
3-2: Base on Balls
Batting: RHB Jonas van Claveren 0-0: Foul Ball, location: 2F
0-1: Ball
1-1: Ball
2-1: Foul Ball, location: 2F
2-2: Ball
Wild Pitch!
Martín Talia to second
3-2: Ground out 4-3 (Groundball, 4M, EV 110.0 MPH)
Top of the 7th over - 1 run, 0 hits, 1 error, 1 left on base; Phoenix 4 - Mississippi 2
BOTTOM OF THE 7TH
Mississippi Mockingbirds batting - Pitching for Phoenix Hotspur : RHP Edgardo Nava
Batting: RHB José Carlos Pérez 0-0: Ball
1-0: Ball
2-0: Foul Ball, location: 2F
2-1: Fly out, F6 (Popup, 6S, EV 65.0 MPH)
Batting: LHB Yin-reng Hsueh 0-0: Ground out 1-3 (Groundball, 13S, EV 65.6 MPH)
Batting: RHB Brian Rowe 0-0: Called Strike
0-1: Fly out, F9 (Flyball, 9S, EV 80.6 MPH)
Bottom of the 7th over - 0 runs, 0 hits, 0 errors, 0 left on base; Phoenix 4 - Mississippi 2
TOP OF THE 8TH
Phoenix Hotspur batting - Pitching for Mississippi Mockingbirds : RHP Andrei-Luiz Frial
Batting: LHB Mario Ramos 0-0: Ball
1-0: Foul Ball, location: 2F
1-1: Ball
2-1: Swinging Strike
2-2: SINGLE (Groundball, 4D, EV 94.4 MPH)
Batting: LHB Tadayoshi Watanabe 0-0: Called Strike
0-1: Swinging Strike
0-2: Grounds into double play, 4-6-3 (Groundball, 4, EV 108.1 MPH)
Batting: LHB Mare Riseley 0-0: Called Strike
0-1: SINGLE (Groundball, 34D, EV 95.6 MPH)
Batting: RHB Brit Davis 0-0: Called Strike
0-1: Ball
1-1: Fly out, F7 (Flyball, 7LD, EV 92.5 MPH)
Top of the 8th over - 0 runs, 2 hits, 0 errors, 1 left on base; Phoenix 4 - Mississippi 2
BOTTOM OF THE 8TH
Mississippi Mockingbirds batting - Pitching for Phoenix Hotspur : RHP Edgardo Nava
Batting: RHB Ellis Greenham 0-0: Ball
1-0: Called Strike
1-1: Ball
2-1: Fly out, F5 (Popup, 5F, EV 51.9 MPH)
Batting: LHB Manoo Satyavrat 0-0: Called Strike
0-1: Ball
1-1: Ball
2-1: Ball
3-1: Base on Balls
Batting: LHB Rylen Roersma 0-0: Ball
1-0: Ball
2-0: Ball
3-0: Base on Balls
Manoo Satyavrat to second
Pitching: RHP Ryan Peterson
Batting: LHB Javier Sánchez 0-0: Called Strike
0-1: Foul Ball, location: 2F
0-2: Ball
1-2: Strikes out looking
Batting: RHB Bobby Butterfield 0-0: Ball
1-0: Swinging Strike
1-1: Fielders Choice at 2nd, 5-4 (Groundball, 56, EV 93.8 MPH)
Bottom of the 8th over - 0 runs, 0 hits, 0 errors, 2 left on base; Phoenix 4 - Mississippi 2
TOP OF THE 9TH
Phoenix Hotspur batting - Pitching for Mississippi Mockingbirds : RHP Andrei-Luiz Frial
Batting: RHB Myles Brundidge 0-0: Ball
1-0: Foul Ball, location: 2F
1-1: Swinging Strike
1-2: Ball
2-2: Foul Ball, location: 2F
2-2: Ball
3-2: Ground out 4-3 (Groundball, 4M, EV 92.5 MPH)
Batting: RHB Quan Easterling 0-0: Called Strike
0-1: Called Strike
0-2: Ball
1-2: Fly out, F8 (Flyball, 8LXD, EV 95.6 MPH)
Batting: RHB Alberto Ramírez 0-0: Called Strike
0-1: Ball
1-1: Foul Ball, location: 2F
1-2: Ball
2-2: Strikes out swinging
Top of the 9th over - 0 runs, 0 hits, 0 errors, 0 left on base; Phoenix 4 - Mississippi 2
BOTTOM OF THE 9TH
Mississippi Mockingbirds batting - Pitching for Phoenix Hotspur : RHP Ryan Peterson
Pitching: RHP Russ Horne
Batting: LHB Baio Jianbua 0-0: Ball
1-0: Foul Ball, location: 2F
1-1: Called Strike
1-2: Ball
2-2: Strikes out swinging
Batting: RHB José Carlos Pérez 0-0: Ball
1-0: Called Strike
1-1: Ball
2-1: Swinging Strike
2-2: Foul Ball, location: 2F
2-2: Strikes out swinging
Batting: LHB Yin-reng Hsueh 0-0: Ball
1-0: Foul Ball, location: 2F
1-1: Swinging Strike
1-2: Ball
2-2: Ground out 1-3 (Groundball, 13, EV 85.6 MPH)
Bottom of the 9th over - 0 runs, 0 hits, 0 errors, 0 left on base; Phoenix 4 - Mississippi 2
Thursday, January 23rd, 2020 - OOTP Baseball 20.8 Build 74